 Dungeon Crawl Stone Soup version 0.30.0-29-ga12c61a403 (webtiles) character file.

Game seed: 8744979543901728220

434 cdecastro the Skirmisher (level 6, -2/50 HPs)
             Began as a Minotaur Hunter on June 3, 2023.
             Was a High Priest of Ignis.
             Slain by a wraith (8 damage)
             ... in an ossuary.
             The game lasted 00:06:17 (2137 turns).

cdecastro the Skirmisher (Minotaur Hunter)          Turns: 2137, Time: 00:06:18

Health: -2/50      AC:  9    Str: 18    XL:     6   Next: 67%
Magic:  5/5        EV: 10    Int:  6    God:    Ignis [*****.]
Gold:   191        SH:  0    Dex: 19    Spells: 5/5 levels left

rFire   + . .        a - +0 shortbow
rCold   . . .        (shield currently unavailable)
rNeg    . . .        q - +0 scale mail
rPois   .            (helmet restricted)
rElec   .            (no cloak)
rCorr   .            (no gloves)
SInv    .            i - +2 pair of boots
Will    .....        (no amulet)
Stlth   +            n - +6 ring of dexterity
HPRegen 0.28/turn    (no ring)
MPRegen 0.09/turn

%: no passive effects
@: slowed, very slow
A: horns 2, retaliatory headbutt
a: Renounce Religion, Fiery Armour, Foxfire Swarm, Rising Flame


You were in an ossuary.
You worshipped Ignis.
Ignis was extremely pleased with you.
You visited 1 branch of the dungeon, and saw 6 of its levels.
You also visited: Ossuary.

You collected 191 gold pieces.

Inventory:

Hand Weapons
 a - a +0 shortbow (weapon)
 g - a +1 dagger of venom
Armour
 c - a +0 leather armour
 i - a +2 pair of boots (worn)
 q - a +0 scale mail (worn)
 r - the +1 ring mail of Gestures {Str+4 Stlth+}
   (You found it on level 3 of the Dungeon)

   Str:       It affects your strength (+4).
   Stlth:     It makes you more stealthy.
Jewellery
 n - a +6 ring of dexterity (left hand)
 p - a ring of fire
Scrolls
 b - 4 scrolls of immolation
 d - a scroll of summoning {unknown}
 f - a scroll of magic mapping {unknown}
 m - 2 scrolls of identify
 o - 3 scrolls of amnesia
 u - a scroll of enchant weapon {unknown}
 v - a scroll of teleportation {unknown}
Potions
 e - a potion of lignification {unknown}
 h - 2 potions of curing
 j - 2 potions of berserk rage {unknown}
 k - a potion of haste {unknown}
 l - 3 potions of might {unknown}
 s - a potion of mutation {unknown}
 t - a potion of flight {unknown}
 w - a potion of magic {unknown}
 x - a potion of attraction {unknown}
 z - a potion of ambrosia {unknown}


   Skills:
 - Level 2.4 Fighting
 + Level 8.9 Ranged Weapons
 - Level 2.1 Dodging
 - Level 0.7 Stealth


You had 5 spell levels left.
You didn't know any spells.
Your spell library was empty.

Dungeon Overview and Level Annotations

Branches:
Dungeon (6/15)            Ossuary (1/1)
 Temple: D:4-7

Altars:
Ignis


Innate Abilities, Weirdness & Mutations

You have a pair of horns on your head.
You reflexively headbutt those who attack you in melee.


Message History

You shoot an arrow.
The arrow hits the wraith but does no damage.
The wraith is lightly damaged.
The wraith closely misses you. The wraith barely misses you.
Unknown command.
You shoot an arrow.
The arrow hits the wraith but does no damage.
The wraith is lightly damaged.
The wraith hits you.
* * * LOW HITPOINT WARNING * * *
The wraith drains your vigour!
You feel as though you will be slow longer.
The wraith misses you.
As you read the scroll labelled RIUVIA WAYCK, it crumbles to dust.
It is a scroll of amnesia.
You feel forgetful for a moment. The wraith barely misses you.
As you read the scroll labelled IKEPIE ARPHIU, it crumbles to dust.
It is a scroll of identify.
h - 2 potions of curing The wraith closely misses you.
The wraith hits you!
* * * LOW HITPOINT WARNING * * *
Activating: Foxfire Swarm
Press: ? - help, Dir - look around, f - activate Flames leap up around you!
The wraith closely misses you.
Unknown command.
Your foxfire dissipates!
The wraith attacks as you move away! The wraith misses you.
You furiously retaliate!
You headbutt the wraith.
The foxfire hits the wraith but does no damage.
The wraith is moderately damaged.
The foxfire hits the wraith but does no damage.
The wraith is moderately damaged.
Your foxfire dissipates!
The wraith attacks as you move away! The wraith hits you but does no damage.
The foxfire hits the wraith.
The wraith is moderately damaged.
Unknown command.
The wraith attacks as you move away! The wraith completely misses you.
The wraith hits you!
You die...

#####+#####
#......W@.##
#...##'##...## .
.##.vv##...## .
##.§v..##...# ..
#.!§??!.#...+
...##§!??.##...#
#...##...##...##
#...#####...## .
##.........##...


You could see a wraith.

Vanquished Creatures
  Sigmund (D:2)
  A scorpion (D:4)
  A gnoll bouda (D:4)
  An iguana (D:5)
  A mummy (Ossuary)
  5 adders
  3 gnolls (D:2)
  2 worms
  4 endoplasms
  A giant cockroach (D:4)
  9 hobgoblins
  4 jackals (D:2)
  4 kobolds
  6 quokkas
  6 ball pythons
  3 bats
  3 frilled lizards
  5 goblins
  3 kobold skeletons (Ossuary)
  6 orc skeletons (Ossuary)
  2 rats
71 creatures vanquished.

Vanquished Creatures (others)
  3 foxfires (Ossuary)
3 creatures vanquished.

Grand Total: 74 creatures vanquished

Notes
Turn   | Place    | Note
-------+----------+-------------------------------------------
     0 | D:1      | cdecastro the Minotaur Hunter began the quest for the Orb.
     0 | D:1      | Reached XP level 1. HP: 18/18 MP: 0/0
   158 | D:1      | Reached XP level 2. HP: 25/25 MP: 1/1
   161 | D:1      | Reached skill level 5 in Ranged Weapons
   196 | D:1      | Found a faded altar of an unknown god.
   211 | D:1      | Prayed at the altar of an unknown god.
   211 | D:1      | Became a worshipper of Ignis, the Dying Flame
   402 | D:2      | Noticed Sigmund
   415 | D:2      | Killed Sigmund
   416 | D:2      | Reached skill level 7 in Ranged Weapons
   416 | D:2      | Reached XP level 3. HP: 12/30 MP: 2/2
   416 | D:2      | Reached XP level 4. HP: 14/37 MP: 3/3
   416 | D:2      | Reached XP level 5. HP: 16/42 MP: 4/4
  1351 | D:3      | Identified the +1 ring mail of Gestures {Str+4 Stlth+}
  1377 | D:3      | Reached skill level 8 in Ranged Weapons
  1404 | D:3      | You fall into a shaft and drop 3 floors!
  1407 | D:5      | Entered Level 5 of the Dungeon
  1414 | D:5      | Reached XP level 6. HP: 45/50 MP: 5/5
  2043 | D:4      | Found a sand-covered staircase.
  2051 | Ossuary  | Entered an ossuary
  2051 | Ossuary  | Noticed a wraith
  2051 | Ossuary  | Noticed a wraith
  2051 | Ossuary  | Noticed a wraith
  2111 | Ossuary  | Noticed a wraith
  2137 | Ossuary  | Slain by a wraith

Illustrated notes

Levels and vault maps discovered:
D:1:      elethiomel_arrival_shortcut, layout_rooms,
          ebering_ecumenical_altar_rust
D:2:      layout_loops_ring, uniq_sigmund
D:3:      layout_basic, mainiacjoe_overflow_chevrons, lightli_sewer_entry_pipes,
          serial_shops, nicolae_shop_crystal, minmay_misc_feat_x
D:4:      layout_gridville, chequers_ossuary_entry_cave,
          kennysheep_generic_room_5, uniq_crazy_yiuf_cottage
D:5:      layout_basic, chequers_serial_rivers_small_b
D:6:      layout_basic, serial_shops, shop, shop,
          nicolae_shop_temple_entry_statues_fountains,
          nicolae_shop_tiny_waterfront, nicolae_shop_overgrown_old_shop,
          kennysheep_doodads, uniq_pikel
Ossuary:  ossuary_due_mausoleum

Skill      XL: |  1  2  3  4  5 |
---------------+----------------+-----
Ranged Weapons | 7 8 |  8.9
Fighting       | |  2.4
Dodging        | |  2.1
Stealth        | |  0.7

Action                     |  1- 3 |  4- 6 || total
---------------------------+-------+-------++-------
   Fire: Shortbow          |    56 |   190 ||   246
 Invoke: Foxfire Swarm     |       |     1 ||     1
    Use: Scroll            |       |     2 ||     2
 Armour: Leather armour    |     1 |     2 ||     3
         Scale mail        |       |    41 ||    41
  Dodge: Dodged            |    10 |    67 ||    77
